 Dungeon Crawl Stone Soup version 0.27.1-1-g398f81649c (webtiles) character file.

Game seed: 7546944737692445971

104 4FPSwarrior the Conjurer (level 4, -3/33 HPs)
             Began as a Demigod Conjurer on Sept 17, 2021.
             Killed from afar by a white imp (8 damage)
             ... with a puff of frost
             ... summoned by Natasha
             ... on level 2 of the Dungeon.
             The game lasted 00:07:35 (3304 turns).

4FPSwarrior the Conjurer (Demigod Conjurer)         Turns: 3304, Time: 00:07:35

Health: -3/33      AC:  3    Str:  8    XL:     4   Next: 28%
Magic:  1/11       EV: 12    Int: 20    God:
Gold:   14         SH:  0    Dex: 16    Spells: 3/9 levels left

rFire    . . .     SeeInvis .   o - +0 mace (vorpal)
rCold    . . .     Faith    .   (no shield)
rNeg     + . .     Spirit   .   a - +0 robe
rPois    .         Reflect  .   l - +0 helmet
rElec    .         Harm     .   (no cloak)
rCorr    .         Rampage  .   (no gloves)
Will     .....                  (no boots)
Stlth    ++........             (no amulet)
HPRegen  0.11/turn              n - ring of positive energy
MPRegen  0.12/turn              (no ring)

@: slowed, very slow
A: high mp 1, forlorn
a: no special abilities


You were on level 2 of the Dungeon.
You visited 1 branch of the dungeon, and saw 2 of its levels.

You collected 14 gold pieces.

Inventory:

Hand Weapons
 f - a +0 dagger
 o - a +0 vorpal mace (weapon)
Armour
 a - a +0 robe (worn)
 l - a +0 helmet (worn)
Jewellery
 n - a ring of positive energy (left hand)
Scrolls
 c - 2 scrolls of vulnerability {unknown}
 k - 2 scrolls of fear {unknown}
Potions
 b - 2 potions of lignification {unknown}
 d - a potion of curing {unknown}
 e - 2 potions of berserk rage {unknown}
 g - a potion of degeneration {unknown}
 h - 2 potions of haste {unknown}
 i - a potion of ambrosia {unknown}
 j - a potion of flight {unknown}
 m - a potion of magic {unknown}
 p - a potion of heal wounds {unknown}


   Skills:
 + Level 0.0 Maces & Flails
 - Level 1.7 Dodging
 - Level 1.7 Stealth
 + Level 3.0 Spellcasting
 + Level 4.5 Conjurations
 + Level 1.1 Hexes
 + Level 0.0 Translocations


You had 3 spell levels left.
You knew the following spells:

 Your Spells              Type           Power      Damage    Failure   Level
a - Magic Dart            Conj           84%        1d7       2%          1
b - Dazzling Flash        Conj/Hex       28%        N/A       14%         3
c - Blink                 Tloc           N/A        N/A       22%         2

Your spell library contained the following spells:

 Spells                   Type           Power      Damage    Failure   Level
 Searing Ray              Conj           42%        3d4       3%          2
 Lesser Beckoning         Tloc           1%         N/A       38%         3
 Fulminant Prism          Conj/Hex       7%         3d7       41%         4
 Iskenderun's Mystic Bla  Conj/Tloc      12%        2d5       50%         4
 Manifold Assault         Tloc           3%         N/A       98%         5


Dungeon Overview and Level Annotations

Branches:
Dungeon (2/15)

Annotations:
D:2 Natasha


Innate Abilities, Weirdness & Mutations

Your attributes grow dramatically as you level up.
You have an increased reservoir of magic. (+10% MP)
You shall have no god before yourself.


Message History

Natasha casts a spell.
Casting: Magic Dart (safe; 2% risk of failure)
Confirm with . or Enter, or press ? or * to list all spells.
Aiming: Magic Dart (safe; 2% risk of failure)
Press: ? - help, Shift-Dir - straight line, f/p - Natasha
Aim: Natasha (almost dead, 100% to hit)
The magic dart hits Natasha.
Natasha is almost dead.
Natasha casts a spell at you. The magic dart hits you.
The white imp barely misses you. Natasha claws you.
Casting: Magic Dart (safe; 2% risk of failure)
Confirm with . or Enter, or press ? or * to list all spells.
Aiming: Magic Dart (safe; 2% risk of failure)
Press: ? - help, Shift-Dir - straight line, f/p - Natasha
Aim: Natasha (almost dead, 100% to hit)
The magic dart hits Natasha but does no damage.
Natasha is almost dead.
The white imp barely misses you.
Natasha mumbles some strange words.
Natasha's front paws start to glow.
Natasha claws you but does no damage. The white imp barely misses you.
Casting: Magic Dart (safe; 2% risk of failure)
Confirm with . or Enter, or press ? or * to list all spells.
Aiming: Magic Dart (safe; 2% risk of failure)
Press: ? - help, Shift-Dir - straight line, f/p - Natasha
Aim: Natasha (almost dead, 100% to hit)
The magic dart hits Natasha but does no damage.
Natasha is almost dead.
Natasha closely misses you. The white imp closely misses you.
Natasha closely misses you.
You closely miss Natasha.
Natasha is almost dead.
The white imp gestures at you. The puff of frost hits you.
* * * LOW HITPOINT WARNING * * *
Natasha claws you.
* * * LOW HITPOINT WARNING * * *
The white imp gestures at you. The puff of frost hits you!
You die...

##.##................#
...##................#
.............##......#
..)<.).......##..>...#
.####........###..#### .#
#........# #...## .#
##........##....#### .#
#......##..#.#.....####
.####.#.....#..h@5........#
......#...#.....#...##.##.#
...####.............##..#.#
....#...............###.#.#
..........##..............#
......#....##....#........#
#.##..##...##....#..####..###
#.#...## ..##....##.##......#
.....................#......#


You could see Natasha and a white imp (summoned).

Vanquished Creatures
  Natasha (twice) (D:2)
  3 adders (D:2)
  A worm (D:1)
  An endoplasm (D:1)
  A giant cockroach (D:2)
  3 goblins
  3 hobgoblins
  2 jackals (D:1)
  A quokka (D:1)
  A ball python (D:1)
  3 bats
  2 frilled lizards (D:1)
  4 kobolds
  A rat (D:1)
28 creatures vanquished.

Notes
Turn   | Place    | Note
-------+----------+-------------------------------------------
     0 | D:1      | 4FPSwarrior the Demigod Conjurer began the quest for the
                  | Orb.
     0 | D:1      | Reached XP level 1. HP: 14/14 MP: 5/5
   584 | D:1      | Reached XP level 2. HP: 20/20 MP: 2/7
  1181 | D:2      | Noticed Natasha
  1307 | D:1      | Reached skill level 4 in Conjurations
  2108 | D:2      | Killed Natasha
  2109 | D:2      | Reached XP level 3. HP: 21/26 MP: 1/9
  2137 | D:2      | Noticed Natasha
  2776 | D:2      | Learned a level 3 spell: Dazzling Flash
  2796 | D:2      | Killed Natasha
  2859 | D:2      | Reached XP level 4. HP: 33/33 MP: 7/11
  3035 | D:2      | Reached skill level 1 in Hexes
  3141 | D:2      | Learned a level 2 spell: Blink
  3243 | D:2      | Noticed Natasha
  3304 | D:2      | Killed from afar by a white imp

Illustrated notes

Levels and vault maps discovered:
D:1:      lightli_arrival_boilingwater, layout_basic, minmay_tree_intersection
D:2:      layout_rooms, basic_altar, uniq_natasha

Skill      XL: |  1  2  3  4 |
---------------+-------------+-----
Spellcasting   | 2 3 |  3.0
Conjurations   | 4 |  4.5
Hexes          | 1 |  1.1
Dodging        | |  1.7
Stealth        | |  1.7

Action                   |  1- 3 |  4- 6 || total
-------------------------+-------+-------++-------
Melee: Unarmed           |    12 |       ||    12
       Dagger            |     7 |     1 ||     8
       Mace              |       |     1 ||     1
 Cast: Magic Dart        |    64 |    31 ||    95
 Stab: Sleeping          |       |     1 ||     1
Armor: Robe              |    12 |     3 ||    15
Dodge: Dodged            |    21 |    13 ||    34
